 Dungeon Crawl Stone Soup version 0.24.0-1-gfbc8707 (webtiles) character file.

Game seed: 16113709740447854927, levelgen mode: deterministic

1324 Buxparty the Archer (level 8, -8/66 HPs)
             Began as a Centaur Hunter on Dec 27, 2019.
             Was a Follower of Dithmenos.
             Killed from afar by Ijyb (10 damage)
             ... with a bolt of acid
             ... on level 5 of the Dungeon.
             The game lasted 00:17:49 (4482 turns).

Buxparty the Archer (Centaur Hunter)                Turns: 4482, Time: 00:17:50

Health: -8/66      AC:  6    Str: 17      XL:     8   Next: 33%
Magic:  17/17      EV:  8    Int:  9 (10) God:    Dithmenos [*.....]
Gold:   305        SH:  0    Dex: 10      Spells: 7/7 levels left

rFire    + . .     SeeInvis .   y - +2 hand axe (flame)
rCold    . . .     Gourm    .   (no shield)
rNeg     . . .     Faith    .   q - +3 scale mail {rF+}
rPois    .         Spirit   .   (no helmet)
rElec    .         Reflect  .   (no cloak)
rCorr    .         Harm     .   j - +0 pair of gloves
MR       .....                  (no barding)
Stlth    ..........             m - amulet of the acrobat
HPRegen  0.21/turn              o - ring of magical power
MPRegen  0.15/turn              (no ring)

@: corroded, wreathed by umbra, very quick
A: large, hooves 3, deformed body, speed 2, tough skin 3
a: Renounce Religion


You were on level 5 of the Dungeon.
You worshipped Dithmenos.
Dithmenos was aware of your devotion.
You were not hungry.

You visited 1 branch of the dungeon, and saw 5 of its levels.

You collected 305 gold pieces.

Inventory:

Hand Weapons
 a - a +1 shortbow
 b - a +0 short sword
 y - a +2 hand axe of flaming (weapon)
Missiles
 d - 48 arrows
Armour
 c - a +0 leather armour
 j - a +0 pair of gloves (worn)
 q - a +3 scale mail of fire resistance (worn)
Jewellery
 m - an amulet of the acrobat (around neck)
 o - a ring of magical power (left hand)
Wands
 s - a wand of acid (8)
Scrolls
 g - 4 scrolls of remove curse
 h - a scroll of fear
 k - 3 scrolls of identify
Potions
 e - a potion of lignification {unknown}
 i - a potion of flight
 l - a potion of curing
Comestibles
 f - 5 rations


   Skills:
 + Level 4.2 Fighting
 + Level 2.1 Short Blades
 + Level 5.0 Axes
 + Level 8.2 Bows
 + Level 2.9 Armour
 + Level 2.4 Dodging
 - Level 0.4 Stealth
 + Level 0.1 Evocations


You had 7 spell levels left.
You didn't know any spells.
Your spell library contained the following spells:

 Spells                   Type           Power        Failure   Level  Hunger
 Corona                   Hex            #......      80%         1    ##.....
 Ensorcelled Hibernation  Hex/Ice        #.....       90%         2    ###....
 Confuse                  Hex            #.......     99%         3    ####...
 Dazzling Spray           Conj/Hex       #.....       99%         3    ####...
 Tukima's Dance           Hex            #.......     99%         3    ####...


Dungeon Overview and Level Annotations

Branches:
Dungeon (5/15)
 Temple: D:4-7

Altars:
Dithmenos
Makhleb
Trog
Wu Jian

Annotations:
D:5 2 transporters, Buxparty's ghost, amateur DDHu; Ijyb


Innate Abilities, Weirdness & Mutations

You have hooves in place of feet.
Armour fits poorly on your strangely shaped body.
You cover ground very quickly.
You have extremely tough skin. (AC +3)


Message History

You are splashed with acid!
You are too injured to fight recklessly!
You are too injured to fight recklessly!
You are too injured to fight recklessly!
You closely miss Ijyb.
Ijyb is severely wounded.
Ijyb hits you with a +0 dagger.
You hit Ijyb. You burn Ijyb.
Ijyb is severely wounded.
Ijyb hits you but does no damage.
You completely miss Ijyb. You kick Ijyb.
Ijyb is almost dead.
Ijyb zaps a wand.
The bolt of acid hits you!
* * * LOW HITPOINT WARNING * * *
You are splashed with acid!
* * * LOW HITPOINT WARNING * * *
You closely miss Ijyb. Your kick misses Ijyb.
Ijyb is almost dead.
Ijyb zaps a wand.
The bolt of acid hits you!
You die...

###.####.#..#####..####.#
#.................. #..
#..........######.. #..##
#.......)...# #.#....##
#........##.# #.###....
...^........# #####
#........##..... #.
.........##.#### ...
..⌠...#.@....... ....
...#.#.g....... .##.
..##........... #. ..
#........... #.
#.#.?....... #.#.........
#.##########


You could see Ijyb.

Vanquished Creatures
  Prince Ribbit (D:5)
  An ogre (D:4)
  Blork the orc (D:5)
  A scorpion (D:4)
  3 howler monkeys (D:4)
  A bullfrog zombie (D:5)
  A hound (D:5)
  4 orc priests
  A centaur skeleton (D:4)
  5 orc wizards
  Jessica (D:2)
  An iguana (D:5)
  3 worker ants (D:4)
  A hound zombie (D:5)
  A hound skeleton (D:4)
  7 gnolls
  11 adders
  3 oozes
  An adder zombie (D:5)
  An adder skeleton (D:5)
  3 worms
  2 dart slugs
  6 leopard geckos
  24 orcs
  11 giant cockroaches
  4 goblins
  10 hobgoblins
  2 jackals
  3 quokkas
  7 bats
  9 frilled lizards
  A quokka skeleton (D:4)
  10 rats
141 creatures vanquished.

Notes
Turn   | Place    | Note
-------+----------+-------------------------------------------
     0 | D:1      | Buxparty the Centaur Hunter began the quest for the Orb.
     0 | D:1      | Reached XP level 1. HP: 17/17 MP: 1/1
   279 | D:1      | Reached XP level 2. HP: 23/24 MP: 2/2
   352 | D:1      | Reached skill level 6 in Bows
   834 | D:2      | Reached XP level 3. HP: 22/29 MP: 3/3
   976 | D:2      | Noticed Jessica
   979 | D:2      | Killed Jessica
   979 | D:2      | Reached XP level 4. HP: 24/36 MP: 4/4
   992 | D:2      | Reached skill level 7 in Bows
  1229 | D:2      | Reached skill level 1 in Short Blades
  1796 | D:3      | Reached XP level 5. HP: 41/42 MP: 5/5
  1982 | D:3      | Found a burning altar of Makhleb.
  1985 | D:3      | Found an ornate altar of the Wu Jian Council.
  1988 | D:3      | Found a shadowy altar of Dithmenos.
  1988 | D:3      | Found a bloodstained altar of Trog.
  2008 | D:3      | Became a worshipper of Dithmenos the Shadowed
  2519 | D:4      | Reached skill level 1 in Axes
  2542 | D:4      | Reached skill level 1 in Armour
  2559 | D:4      | Reached XP level 6. HP: 47/50 MP: 6/6
  3034 | D:4      | Reached * piety under Dithmenos
  3034 | D:4      | Reached XP level 7. HP: 39/57 MP: 7/7
  3836 | D:5      | Entered Level 5 of the Dungeon
  3911 | D:5      | Reached ** piety under Dithmenos
  3921 | D:5      | Reached XP level 8. HP: 64/66 MP: 8/8
  3949 | D:5      | Noticed Blork the orc
  3957 | D:5      | Killed Blork the orc
  3999 | D:5      | Noticed Prince Ribbit
  4016 | D:5      | Killed Prince Ribbit
  4016 | D:5      | Reached skill level 5 in Axes
  4302 | D:5      | Reached skill level 8 in Bows
  4449 | D:5      | Found a transporter.
  4453 | D:5      | Noticed Buxparty's ghost (amateur DDHu)
  4468 | D:5      | Found a transporter.
  4469 | D:5      | Noticed Ijyb
  4481 | D:5      | HP: 1/66 [acid (11)]
  4482 | D:5      | Killed from afar by Ijyb

Levels and vault maps discovered:
D:1:      onia_arrival_mini_maze, layout_basic, st_stairs_4,
          minmay_misc_feat_chi, minmay_misc_feat_rugged
D:2:      layout_loops_cross, uniq_jessica
D:3:      layout_basic, grunt_temple_overflow_open, gup_sewer_entry_bubbles,
          minivault_25, minmay_strange_pillars, minmay_misc_feat_plants
D:4:      minmay_chambers_of_threes, layout_cave_pools, first_ration,
          kennysheep_generic_room_2
D:5:      layout_rooms, kiku_gazebo_pond_becter, gammafunk_ghost_stat_death,
          uniq_prince_ribbit1, uniq_blork_the_orc, uniq_ijyb, uniq_sigmund

Skill      XL: |  1  2  3  4  5  6  7  8 |
---------------+-------------------------+-----
Bows           | 6 7 8 |  8.2
Short Blades   | 1 2 |  2.1
Axes           | 1 3 4 5 |  5.0
Dodging        | 2 |  2.4
Armour         | 1 2 |  2.9
Fighting       | 3 4 |  4.2
Stealth        | |  0.4
Evocations     | |  0.1

Action                   |  1- 3 |  4- 6 |  7- 9 || total
-------------------------+-------+-------+-------++-------
Melee: Short sword       |    68 |    80 |       ||   148
       Kick              |    14 |    38 |    24 ||    76
       Hand axe          |       |   136 |    96 ||   232
 Fire: Shortbow          |    20 |    18 |    21 ||    59
Invok: Shadow Step       |       |       |     1 ||     1
Evoke: Wand              |       |       |     2 ||     2
  Use: Potion            |       |       |    10 ||    10
       Scroll            |       |       |     6 ||     6
  Eat: Ration            |       |     2 |     1 ||     3
Armor: Leather armour    |    22 |     4 |       ||    26
       Scale mail        |       |   121 |    66 ||   187
Dodge: Dodged            |    38 |    89 |    69 ||   196
